 Dungeon Crawl Stone Soup version 0.29.1-13-g9f3cf754e1 (webtiles) character file.

Game seed: 11356472241253410758

16 theswoord the Twirler (level 2, 22/22 HPs)
             Began as a Demonspawn Gladiator on Jan 26, 2023.
             Was a Follower of Okawaru.
             Got out of the dungeon alive.
             The game lasted 00:01:01 (575 turns).

theswoord the Twirler (Demonspawn Gladiator)         Turns: 575, Time: 00:01:01

Health: 22/22      AC:  4    Str: 14    XL:     2   Next: 41%
Magic:  2/2        EV: 12    Int:  9    God:    Okawaru [*.....]
Gold:   33         SH:  0    Dex: 14    Spells: 1/1 levels left

rFire   . . .      SeeInvis .   a - +0 quarterstaff
rCold   . . .      Faith    .   (shield currently unavailable)
rNeg    . . .      Spirit   .   b - +0 leather armour
rPois   .          Reflect  .   c - +0 helmet
rElec   .          Harm     .   (no cloak)
rCorr   .          Rampage  .   (no gloves)
Will    .....                   (no boots)
Stlth   +.........              (no amulet)
HPRegen 0.07/turn               (no ring)
MPRegen 0.08/turn               (no ring)

@: no status effects
A: (demonic guardian 1)
a: Renounce Religion, Heroism


You escaped.
You worshipped Okawaru.
Okawaru was aware of your devotion.
You visited 1 branch of the dungeon, and saw 1 of its levels.

You collected 33 gold pieces.

Inventory:

Hand Weapons
 a - a +0 quarterstaff (weapon)
Missiles
 e - 4 javelins (quivered)
Armour
 b - a +0 leather armour (worn)
 c - a +0 helmet (worn)
Jewellery
 d - a ring of positive energy
 h - a ring of ice
Scrolls
 f - a scroll of summoning {unknown}
Potions
 g - a potion of curing {unknown}


   Skills:
 - Level 2.0 Fighting
 + Level 3.5 Staves
 - Level 1.7 Throwing
 - Level 2.6 Dodging


You had one spell level left.
You didn't know any spells.
Your spell library was empty.

Dungeon Overview and Level Annotations

Branches:
Dungeon (1/15)

Altars:
Okawaru


Innate Abilities, Weirdness & Mutations

((A weak demonic guardian rushes to your aid.))


Message History

You hit the bat.
The bat is moderately wounded.
The bat closely misses you. x2
You closely miss the bat.
The bat is moderately wounded.
The bat hits you. The bat hits you but does no damage.
The bat hits you but does no damage.
You throw a throwing net. The throwing net hits the bat.
The bat is caught in the net!
The bat struggles against the net. x3
The net rips apart, and the bat comes free!
You throw a throwing net. The throwing net barely misses the bat.
The bat misses you.
You throw a javelin. The javelin pierces through the bat!
You kill the bat!
Okawaru accepts your kill.
No target in view!
No target in view!
e - 4 javelins (gained 1)
You see here a bat corpse.
d - a ring of positive energy
Found a dagger.
Okay, then.
(D) Dungeon
Where to? (? - help)
Okay, then.
Saving game... please wait.
Options error: Cannot find file "HDamage.rc". (~/.crawlrc:20) Options error: Cannot find file "HDAColors.rc". (~/.crawlrc:21) Options error: Bad object type '%' for autopickup. (~/.crawlrc:189) Welcome back, theswoord the Demonspawn Gladiator.
Okawaru says: Bring me glory in combat!
Press ? for a list of commands and other information.
You see here a jackal skeleton.
There is an open door here.
There is a staircase leading out of the dungeon here.
You can't go down here!
There are no items here.
Are you sure you want to leave the Dungeon?
This will make you lose the game!
You have escaped!

#....#.#..#.##..##
#..#^...#.###..#
#.........####.#
#.#..............#
#.#...♣♣♣♣♣♣♣♣♣..#
#.#..♣..PP..PP♣..#
#....♣...P..PP♣..#
##...♣P...PP..♣..#
#...♣PP.@.P..♣..#
#...♣..P...PP♣.##
##..♣..PP...P♣.#
#..♣PP..P[..♣.#
#..♣PP..PP..♣.#
#..♣♣♣♣♣♣♣♣♣..#
#.............#
#........######
##########


There were no monsters in sight!

Vanquished Creatures
  A dart slug (D:1)
  2 bats (D:1)
  A giant cockroach (D:1)
  2 goblins (D:1)
  A hobgoblin (D:1)
  3 jackals (D:1)
  A ball python (D:1)
  A frilled lizard (D:1)
  A rat (D:1)
13 creatures vanquished.

Notes
Turn   | Place    | Note
-------+----------+-------------------------------------------
     0 | D:1      | theswoord the Demonspawn Gladiator began the quest for the
                  | Orb.
     0 | D:1      | Reached XP level 1. HP: 16/16 MP: 1/1
    80 | D:1      | Reached skill level 3 in Staves
    80 | D:1      | Found a faded altar of an unknown god.
    95 | D:1      | Prayed at the altar of an unknown god.
    95 | D:1      | Became a worshipper of Warmaster Okawaru
    95 | D:1      | Reached * piety under Okawaru
   218 | D:1      | Gained mutation: A weak demonic guardian rushes to your
                  | aid. [demonic ancestry]
   218 | D:1      | Reached XP level 2. HP: 20/22 MP: 2/2
   575 | D:$      | Got out of the dungeon alive.

Skill      XL: |  1 |
---------------+----+-----
Staves         | 3 |  3.5
Fighting       | |  2.0
Throwing       | |  1.7
Dodging        | |  2.6

Action                   || total
-------------------------++-------
Melee: Quarterstaff      ||    49
Throw: Throwing net      ||     3
       Javelin           ||     1
Armor: Leather armour    ||    17
Dodge: Dodged            ||    31

Levels and vault maps discovered:
D:1:      scummos_arrival_checkerplants, layout_basic,
          ebering_ecumenical_altar_abandoned
